 Dungeon Crawl Stone Soup version 0.21-a0-369-g397cdb2 (webtiles) character file.

114 tidbits the Charmwright (level 4, 9/38 HPs)
             Began as a Gnoll Skald on Oct 15, 2017.
             Quit the game on level 4 of the Dungeon.
             The game lasted 00:05:21 (740 turns).

tidbits the Charmwright (Gnoll Skald)                Turns: 740, Time: 00:05:21

Health: 9/38       AC:  6    Str: 14    XL:     4   Next: 97%
Magic:  1/11       EV: 13    Int: 21    God:
Gold:   60         SH:  0    Dex: 14    Spells: 2/13 levels left

rFire    . . .     SeeInvis .   a - +0 hand axe
rCold    . . .     Gourm    .   (no shield)
rNeg     . . .     Faith    .   B - +0 ring mail
rPois    .         Spirit   .   E - +1 hat
rElec    .         Reflect  .   (no cloak)
rCorr    .         Harm     .   (no gloves)
MR       .....                  (no boots)
Stlth    ..........             (no amulet)
HPRegen  0.12/turn              p - ring of loudness (curse)
MPRegen  0.12/turn              (no ring)

@: brilliant, mildly poisoned (9 -> 6)
A: distributed training, fangs 1, strong nose
a: no special abilities


You were on level 4 of the Dungeon.
You were not hungry.

You visited 1 branch of the dungeon, and saw 4 of its levels.

You collected 60 gold pieces.

Inventory:

Hand Weapons
 a - a +0 hand axe (weapon)
Missiles
 k - 42 arrows
Armour
 b - a +0 leather armour
 B - a +0 ring mail (worn)
 E - a +1 hat (worn)
Jewellery
 p - a cursed ring of loudness (left hand)
   (You found it on level 3 of the Dungeon)
Scrolls
 e - a scroll of amnesia {unknown}
 g - 2 scrolls of remove curse {unknown}
 i - a scroll of enchant armour {unknown}
 j - 2 scrolls of recharging {unknown}
 l - a scroll of fear {unknown}
 n - 2 scrolls of identify {unknown}
Potions
 o - 2 potions of brilliance
 q - a potion of agility {unknown}
Books
 c - a book of Battle

   Spells                             Type                      Level
   a - Infusion                       Charms                       1
   b - Shroud of Golubria             Charms/Translocation         2
   c - Song of Slaying                Charms                       2
   d - Spectral Weapon                Hexes/Charms                 3
   e - Regeneration                   Charms/Necromancy            3
Comestibles
 d - 2 bread rations
 f - a royal jelly
 m - a meat ration


   Skills:
 + Level 4.7 Fighting
 + Level 1.2 Short Blades
 + Level 1.2 Long Blades
 + Level 4.7 Axes
 + Level 1.2 Maces & Flails
 + Level 1.2 Polearms
 + Level 1.2 Staves
 + Level 1.2 Slings
 + Level 1.2 Bows
 + Level 1.2 Crossbows
 + Level 1.2 Throwing
 + Level 2.8 Armour
 + Level 4.7 Dodging
 + Level 1.2 Stealth
 + Level 1.2 Shields
 + Level 1.2 Unarmed Combat
 + Level 5.1 Spellcasting
 + Level 1.0 Conjurations
 + Level 1.0 Hexes
 + Level 5.5 Charms
 + Level 1.0 Summonings
 + Level 1.0 Necromancy
 + Level 1.0 Translocations
 + Level 1.0 Transmutations
 + Level 1.0 Fire Magic
 + Level 1.0 Ice Magic
 + Level 1.0 Air Magic
 + Level 1.0 Earth Magic
 + Level 1.0 Poison Magic
 + Level 1.4 Invocations
 + Level 1.2 Evocations


You had 2 spell levels left.
You knew the following spells:

 Your Spells              Type           Power        Failure   Level  Hunger
g - Shroud of Golubria    Chrm/Tloc      ####......   1%          2    None
i - Infusion              Chrm           ####         1%          1    None
r - Regeneration          Chrm/Necr      ####......   1%          3    ##.....
w - Spectral Weapon       Hex/Chrm       ####....     1%          3    ##.....
y - Song of Slaying       Chrm           #####...     1%          2    None


Dungeon Overview and Level Annotations

Branches:
Dungeon (4/15)
 Temple: D:4-7

Altars:


Innate Abilities, Weirdness & Mutations

Your experience applies equally to all skills.
You have very sharp teeth.
Your uncanny sense of smell can sniff out nearby items.


Message History

Your Poison Magic skill increases to level 1!
You hit the gnoll.
Your magical infusion is running out.
The gnoll hits you with a whip.
* * * LOW HITPOINT WARNING * * *
The gnoll hits you from afar with a spear of venom!
* * * LOW HITPOINT WARNING * * *
Unknown command.
It was a potion of curing.
You feel better. The gnoll hits you but does no damage.
The gnoll completely misses you. The orc hits you but does no damage.
It was a potion of brilliance.
You feel clever all of a sudden.
The worker ant bites you but does no damage.
The gnoll barely misses you.
The gnoll hits you from afar with a spear of venom.
* * * LOW HITPOINT WARNING * * *
The orc completely misses you. The worker ant bites you.
* * * LOW HITPOINT WARNING * * *
You feel better. The gnoll misses you. The gnoll barely misses you.
The orc hits you.
* * * LOW HITPOINT WARNING * * *
The worker ant closely misses you.
You hit the worker ant but do no damage.
You hit the orc. You hit the gnoll.
Your spectral weapon hits the worker ant.
Your spectral weapon barely misses the gnoll.
The gnoll hits you with a whip.
* * * LOW HITPOINT WARNING * * *
The gnoll closely misses you. The orc barely misses you.
The worker ant bites you but does no damage.
The gnoll closely misses you.
You barely miss the worker ant.
The worker ant is lightly wounded.
You closely miss the orc. You hit the gnoll but do no damage.
Your spectral weapon closely misses the worker ant.
Your spectral weapon hits the gnoll.
The gnoll hits you but does no damage.
You are poisoned.
The worker ant bites you but does no damage.
The orc barely misses you. The gnoll barely misses you. x2
You hit the worker ant. Your bite misses the worker ant.
The worker ant is moderately wounded.
You hit the orc. You hit the gnoll.
You are no longer magically infusing your attacks.
You feel sick.
Your spectral weapon barely misses the worker ant.
Your spectral weapon barely misses the gnoll.
The worker ant barely misses you. The orc hits you.
* * * LOW HITPOINT WARNING * * *
The gnoll hits you but does no damage. The worker ant bites you.
* * * LOW HITPOINT WARNING * * *
You are more poisoned.
The worker ant poisons you!
The gnoll hits you from afar with a spear of venom.
* * * LOW HITPOINT WARNING * * *
You are more poisoned.
You feel better. The orc closely misses you.
The worker ant bites you but does no damage.
The gnoll hits you but does no damage. The gnoll barely misses you.
You barely miss the worker ant.
The worker ant is moderately wounded.
You completely miss the orc. You hit the gnoll.
You kill the gnoll!
Your spectral weapon barely misses the worker ant.
Your spectral weapon hits the gnoll but does no damage.
The orc barely misses you. The worker ant barely misses you.
The gnoll hits you but does no damage.
You are poisoned.
Unknown command.
You hit the worker ant.
The worker ant is severely wounded.
You hit the orc.
You kill the orc!
You feel sick.
Your spectral weapon closely misses the worker ant.
Your spectral weapon hits the gnoll.
The worker ant barely misses you.
The gnoll hits you from afar with a spear of venom.
* * * LOW HITPOINT WARNING * * *
You are lethally poisoned!
You hit the worker ant but do no damage.
The worker ant is severely wounded.
* * * LOW HITPOINT WARNING * * *
You feel sick.
Your spectral weapon hits the worker ant.
Your spectral weapon hits the gnoll.
The worker ant misses your spectral weapon.
The gnoll hits you from afar with a spear of venom.
* * * LOW HITPOINT WARNING * * *
You are more poisoned.
The worker ant barely misses your spectral weapon.
You feel better.
Your spectral weapon fades away.
The worker ant barely misses you. The gnoll hits you but does no damage.
You are poisoned.
You feel sick. The worker ant bites you.
* * * LOW HITPOINT WARNING * * *
The gnoll barely misses you.
Things that are here:
a whip; a gnoll corpse Are you sure you want to abandon this character and quit the game? (Confirm with "yes".)

..## ..# #.#
#<############
.#####..<..........
.)...............#
#######.........#
[..
##........##....
#....[.@.......
#......ag#.....
#.....!).# ...
#........# .
##########


You could see a worker ant and a gnoll.

Vanquished Creatures
  3 adders
  4 gnolls
  A worm (D:2)
  A leopard gecko (D:2)
  2 orcs
  A giant cockroach (D:1)
  4 goblins
  7 hobgoblins
  7 jackals
  A quokka (D:2)
  5 bats
  2 frilled lizards (D:1)
  2 kobolds (D:2)
  3 rats
43 creatures vanquished.

Notes
Turn   | Place    | Note
-------+----------+-------------------------------------------
     0 | D:1      | tidbits the Gnoll Skald began the quest for the Orb.
     0 | D:1      | Reached XP level 1. HP: 20/20 MP: 6/6
    28 | D:1      | Reached XP level 2. HP: 24/26 MP: 1/7
    34 | D:1      | Learned a level 2 spell: Song of Slaying
    37 | D:1      | Learned a level 2 spell: Shroud of Golubria
   356 | D:2      | Reached XP level 3. HP: 31/31 MP: 6/9
   361 | D:2      | Learned a level 3 spell: Regeneration
   365 | D:2      | Learned a level 3 spell: Spectral Weapon
   376 | D:2      | Reached skill level 5 in Spellcasting
   461 | D:2      | Reached skill level 1 in Invocations
   503 | D:3      | Reached skill level 1 in Short Blades
   503 | D:3      | Reached skill level 1 in Long Blades
   503 | D:3      | Reached skill level 1 in Maces & Flails
   503 | D:3      | Reached skill level 1 in Polearms
   503 | D:3      | Reached skill level 1 in Staves
   503 | D:3      | Reached skill level 1 in Slings
   503 | D:3      | Reached skill level 1 in Bows
   503 | D:3      | Reached skill level 1 in Crossbows
   503 | D:3      | Reached skill level 1 in Throwing
   503 | D:3      | Reached skill level 1 in Stealth
   503 | D:3      | Reached skill level 1 in Shields
   503 | D:3      | Reached skill level 1 in Unarmed Combat
   503 | D:3      | Reached skill level 1 in Evocations
   509 | D:3      | Reached XP level 4. HP: 35/38 MP: 1/11
   727 | D:4      | Reached skill level 1 in Conjurations
   727 | D:4      | Reached skill level 1 in Hexes
   727 | D:4      | Reached skill level 1 in Summonings
   727 | D:4      | Reached skill level 1 in Necromancy
   727 | D:4      | Reached skill level 1 in Translocations
   727 | D:4      | Reached skill level 1 in Transmutations
   727 | D:4      | Reached skill level 1 in Fire Magic
   727 | D:4      | Reached skill level 1 in Ice Magic
   727 | D:4      | Reached skill level 1 in Air Magic
   727 | D:4      | Reached skill level 1 in Earth Magic
   727 | D:4      | Reached skill level 1 in Poison Magic
   740 | D:4      | Quit the game

Vault maps used:
D:1:      erik_arrival_blinker_ship, minmay_door_square, minmay_misc_feat_tiny
D:2:      first_bread, hex_large
D:4:      uniq_blork_the_orc, uniq_eustachio

Skill      XL: |  1  2  3  4 |
---------------+-------------+-----
Spellcasting   | 5 |  5.1
Invocations    | 1 |  1.4
Short Blades   | 1 |  1.2
Long Blades    | 1 |  1.2
Maces & Flails | 1 |  1.2
Polearms       | 1 |  1.2
Staves         | 1 |  1.2
Slings         | 1 |  1.2
Bows           | 1 |  1.2
Crossbows      | 1 |  1.2
Throwing       | 1 |  1.2
Stealth        | 1 |  1.2
Shields        | 1 |  1.2
Unarmed Combat | 1 |  1.2
Evocations     | 1 |  1.2
Conjurations   | 1 |  1.0
Hexes          | 1 |  1.0
Summonings     | 1 |  1.0
Necromancy     | 1 |  1.0
Translocations | 1 |  1.0
Transmutations | 1 |  1.0
Fire Magic     | 1 |  1.0
Ice Magic      | 1 |  1.0
Air Magic      | 1 |  1.0
Earth Magic    | 1 |  1.0
Poison Magic   | 1 |  1.0
Fighting       | |  4.7
Axes           | |  4.7
Armour         | |  2.8
Dodging        | |  4.7
Charms         | |  5.5

Action                   |  1- 3 |  4- 6 || total
-------------------------+-------+-------++-------
Melee: Hand axe          |    66 |    26 ||    92
       Bite              |     7 |     3 ||    10
 Cast: Infusion          |    10 |     3 ||    13
       Spectral Weapon   |       |     2 ||     2
  Use: Potion            |       |     5 ||     5
Armor: Leather armour    |     1 |       ||     1
       Ring mail         |    21 |    19 ||    40
Dodge: Dodged            |    48 |    37 ||    85

Table legend:
 A = Spawn XP
 B = Non-spawn XP
 C = Spawn XP percentage of total XP
 D = Spawn monster count
 E = Non-spawn monster count
 F = Spawn count percentage of total count
 G = Total turns spent on level
                    A         B        C        D         E        F      G
               +---------+---------+-------+---------+---------+-------+---------
         Total |       0 |     163 |   0.0 |       0 |      43 |   0.0 |   740
               +---------+---------+-------+---------+---------+-------+---------
           D:1 |       0 |      32 |   0.0 |       0 |      19 |   0.0 |   352
           D:2 |       0 |      59 |   0.0 |       0 |      12 |   0.0 |   289
           D:3 |       0 |      27 |   0.0 |       0 |       8 |   0.0 |    73
           D:4 |       0 |      45 |   0.0 |       0 |       4 |   0.0 |    26
               +---------+---------+-------+---------+---------+-------+---------

Table legend:
 A = Turns spent in this place as a percentage of turns spent in the entire game.
 B = Non-inter-level travel turns spent in this place as a percentage of non-inter-level travel turns spent in the entire game.
 C = Inter-level travel turns spent in this place as a percentage of turns spent in this place.
 D = Turns resting spent in this place as a percentage of non-inter-level travel turns spent in this place.
 E = Turns spent auto-exploring this place as a percentage of non-inter-level travel turns spent in this place.
 F = Non-inter-level travel turns spent in this place divided by the number of levels of this place that you've seen.
                   A       B       C       D       E      F
               +-------+-------+-------+-------+-------+----------------------
         Total | 100.0 | 100.0 |   2.7 |   0.0 |   0.0 | 180.0
       Dungeon | 100.0 | 100.0 |   2.7 |   0.0 |   0.0 | 180.0
               +-------+-------+-------+-------+-------+----------------------

Table legend:
 A = Kills in this place as a percentage of kills in entire the game.
 B = Kills by you in this place as a percentage of kills by you in the entire game.
 C = Kills by friends in this place as a percentage of kills by friends in the entire game.
 D = Other kills in this place as a percentage of other kills in the entire game.
 E = Experience gained in this place as a percentage of experience gained in the entire game.
 F = Experience gained in this place divided by the number of levels of this place that you have seen.
                   A       B       C       D       E      F
               +-------+-------+-------+-------+-------+----------------------
         Total | 100.0 | 100.0 |   N/A |   N/A | 100.0 |  40.8
       Dungeon | 100.0 | 100.0 |   N/A |   N/A | 100.0 |  40.8
               +-------+-------+-------+-------+-------+----------------------

Vault maps used:
D:1:      erik_arrival_blinker_ship, minmay_door_square, minmay_misc_feat_tiny
D:2:      first_bread, hex_large
D:4:      uniq_blork_the_orc, uniq_eustachio
